 Dungeon Crawl Stone Soup version 0.31.0-11-ge490571c62 (webtiles) character file.

Game seed: 17601010542718020559

2814 qw the Skirmisher (level 9, -6/44 HPs)
             Began as a Spriggan Hunter on Feb 4, 2024.
             Was a Priest of Okawaru.
             Killed by divine providence
             ... invoked by an orc priest
              (12 damage)
             ... on level 7 of the Dungeon.
             The game lasted 00:00:31 (4710 turns).

qw the Skirmisher (Spriggan Hunter)                 Turns: 4710, Time: 00:00:31

Health: -6/44      AC:  7    Str:  7    XL:     9   Next: 44%
Magic:  13/13      EV: 31    Int: 11    God:    Okawaru [***...]
Gold:   326        SH:  0    Dex: 22    Spells: 8/8 levels left

rFire   + . .        a - +2 shortbow
rCold   . . .        (shield currently unavailable)
rNeg    . . .        i - +1 robe {rF+}
rPois   .            (helmet restricted)
rElec   .            (no cloak)
rCorr   .            (gloves unavailable)
SInv    +            (boots unavailable)
Will    +....        (no amulet)
Stlth   ++           e - +5 ring of evasion
HPRegen 0.27/turn    o - +4 ring of protection
MPRegen 0.13/turn

%: no passive effects
@: about to teleport, very quick
A: very small, no large weapons, unfitting armour, see invisible, speed 3
a: Renounce Religion, Heroism


You were on level 7 of the Dungeon.
You worshipped Okawaru.
Okawaru was most pleased with you.
You visited 2 branches of the dungeon, and saw 8 of its levels.
You also visited: Sewer.

You collected 326 gold pieces.


Innate Abilities, Weirdness & Mutations

You are very small and have problems with some larger weapons.
You are too small for most types of armour.
You have supernaturally acute eyesight. (SInv)
You cover ground extremely quickly. (Speed+++)


   Skills:
 + Level 3.4 Fighting
 - Level 10.1 Ranged Weapons
 - Level 10.0 Dodging
 - Level 1.5 Stealth
 - Level 4.0 Invocations


You had 8 spell levels left.
You didn't know any spells.
Your spell library was empty.

Inventory:

Hand Weapons
 a - a +2 shortbow (weapon)
Armour
 i - a +1 robe of fire resistance (worn)
Jewellery
 e - a +5 ring of evasion (left hand)
 o - a +4 ring of protection (right hand)
Wands
 f - a wand of roots (22)
Scrolls
 c - a scroll of teleportation
Potions
 b - 2 potions of might
 d - 4 potions of mutation
 h - 2 potions of curing
 k - a potion of haste
 l - a potion of lignification {unknown}
 m - a potion of magic {unknown}
 n - a potion of cancellation

Dungeon Overview and Level Annotations

Branches:
Dungeon (7/15)             Temple (1/1) D:4           Sewer (visited)

Altars:
Ashenzari
Cheibriados
Dithmenos
Fedhas
Gozag
Hepliaklqana
Makhleb
Nemelex Xobeh
Okawaru
Qazlal
Sif Muna
Trog
Vehumet
Xom
Yredelemnul
Zin
The Shining One

Annotations:
D:6 2 transporters, 1 runed translucent door, Crazy Yiuf; qw's ghost, novice SpHu


Message History

The gnoll hits you from afar with a +0 spear!
You shoot an arrow. The arrow hits the yak.
The yak is severely wounded.
The yak gores you! The gnoll completely misses you.
4704 ||| READING 3 scrolls of teleportation.
As you read the scroll of teleportation, it crumbles to dust.
You feel strangely unstable. The yak gores you.
The gnoll completely misses you.
You shoot an arrow. The arrow hits the yak.
The yak is severely wounded.
The yak completely misses you.
The iguana hisses menacingly.
The gnoll misses you.
You shoot an arrow. The arrow barely misses the yak.
The arrow hits the iguana!
The iguana is almost dead.
The yak misses you.
You shoot an arrow. The arrow hits the yak.
The yak is severely wounded.
The yak misses you.
You shoot an arrow.
The arrow hits the yak but does no damage.
The yak is severely wounded.
The yak closely misses you.
You shoot an arrow. The arrow closely misses the yak.
The arrow closely misses the iguana.
The arrow hits the wight.
The wight is lightly damaged.
Your surroundings suddenly seem different. 3 orcs, an orc priest, a gnoll bouda and 3 gnolls come into view.
An orc is wielding a +0 dagger and wearing the +2 robe of the Endless Expanse {rElec rN+ Str-3}.
The orc shouts!
4710 ||| READING 2 scrolls of teleportation.
As you read the scroll of teleportation, it crumbles to dust.
You feel strangely unstable.
The orc shouts!
The orc priest shouts!
The orc shouts!
You hear a shout!
The gnoll bouda shouts!
The gnoll bouda barks out a call to the hunt!
The gnolls pick up the pace!
The orc priest calls down the wrath of Beogh upon you.
Beogh smites you!
You die...

..........##
#..o.....g.#
#...o..g...#
#.......gg.#
#.o.o......#
#..........#
#........#
#.@....#
########


You could see a gnoll bouda, an orc priest, 3 gnolls and 3 orcs.

Vanquished Creatures
  A troll (D:6)
  2 ice beasts
  2 black bears
  A sky beast (D:6)
  A centaur (D:5)
  3 ogres (D:5)
  A phantom (D:7)
  Blork the orc (D:4)
  2 brain worms (Sewer)
  7 scorpions
  6 wights
  A howler monkey (D:6)
  A crimson imp (D:6)
  A bombardier beetle (D:4)
  5 hounds
  A jelly (D:4)
  An iguana (D:5)
  Terence (D:2)
  Natasha (twice) (D:4)
  3 orc wizards
  15 adders
  2 gnolls (D:7)
  4 river rats (Sewer)
  A white imp (D:6)
  An ufetubus (D:6)
  2 dart slugs
  2 ribbon worms
  12 orcs
  7 ball pythons
  4 endoplasms (D:3)
  9 giant cockroaches
  7 hobgoblins
  4 jackals (D:2)
  5 kobolds
  6 quokkas
  7 bats
  12 frilled lizards
  16 goblins
  12 rats
171 creatures vanquished.

Notes
Turn   | Place    | Note
-------+----------+-------------------------------------------
     0 | D:1      | qw the Spriggan Hunter began the quest for the Orb.
     0 | D:1      | Reached XP level 1. HP: 10/10 MP: 2/2
     0 | D:1      | 0 ||| qw: Version: 0.3-a-160-g6735b56
     0 | D:1      | 0 ||| qw: Game counter: 5036
     0 | D:1      | 0 ||| qw: Melee chars always use a shield: true
     0 | D:1      | 0 ||| qw: God list: Okawaru
     0 | D:1      | 0 ||| qw: Allow faded altars: false
     0 | D:1      | 0 ||| qw: Do Orc after clearing Dungeon:15 true
     0 | D:1      | 0 ||| qw: Do second Lair branch before Depths: true
     0 | D:1      | 0 ||| qw: Lair rune preference: random
     0 | D:1      | 0 ||| qw: Goals: Normal
     0 | D:1      | 0 ||| PLANNING D:1-11
    51 | D:1      | Reached skill level 3 in Dodging
   147 | D:1      | Reached XP level 2. HP: 14/14 MP: 3/3
   228 | D:1      | Found a faded altar of an unknown god.
   562 | D:1      | 562 ||| READING scroll labelled FAUCSOXOTT.
   563 | D:1      | 563 ||| READING scroll labelled SOSSOCVOURI.
   564 | D:1      | 564 ||| READING 2 scrolls labelled ZEN XEXAFFOJYA.
   565 | D:1      | 565 ||| DROPPING scroll of butterflies.
   740 | D:2      | Reached XP level 3. HP: 18/18 MP: 4/4
   766 | D:2      | Noticed Terence
   774 | D:2      | Killed Terence
   813 | D:2      | Reached XP level 4. HP: 18/22 MP: 5/5
  1331 | D:2      | 1331 ||| UPGRADING to +5 ring of evasion.
  1332 | D:2      | 1332 ||| READING 3 scrolls of identify.
  1332 | D:2      | 1332 ||| IDENTIFYING white potion
  1333 | D:2      | 1333 ||| READING 2 scrolls of identify.
  1333 | D:2      | 1333 ||| IDENTIFYING ruby potion
  1334 | D:2      | 1334 ||| READING scroll of identify.
  1334 | D:2      | 1334 ||| IDENTIFYING scroll labelled ZORCHO QUSA
  1335 | D:2      | 1335 ||| READING 3 scrolls labelled LESIAPL DOCUL.
  1336 | D:2      | 1336 ||| READING scroll labelled CIERHAOZXO.
  1341 | D:2      | 1341 ||| READING scroll labelled DUNAPPEASM.
  1341 | D:2      | 1341 ||| ENCHANTING +0 shortbow.
  1342 | D:2      | 1342 ||| DROPPING scroll of vulnerability.
  1343 | D:2      | 1343 ||| DROPPING potion of degeneration.
  1344 | D:2      | 1344 ||| DROPPING 2 scrolls of revelation.
  1466 | D:3      | Found a bloodstained altar of Trog.
  1466 | D:3      | Found a sparkling altar of Nemelex Xobeh.
  1887 | D:3      | 1887 ||| READING 2 scrolls of identify.
  1887 | D:3      | 1887 ||| IDENTIFYING sedimented purple potion
  1888 | D:3      | 1888 ||| READING scroll of identify.
  1888 | D:3      | 1888 ||| IDENTIFYING fizzy silvery potion
  1889 | D:3      | 1889 ||| READING scroll labelled BYSUIPASAPT.
  1890 | D:3      | 1890 ||| READING scroll labelled DOM GO IDOKHLO.
  1890 | D:3      | 1890 ||| ENCHANTING +0 shortbow.
  1896 | D:4      | 1896 ||| PLANNING SEWER
  1955 | D:4      | Reached XP level 5. HP: 27/27 MP: 6/6
  1958 | D:4      | Noticed Natasha
  1965 | D:4      | Killed Natasha
  2039 | D:4      | Reached skill level 6 in Ranged Weapons
  2039 | D:4      | Reached XP level 6. HP: 31/31 MP: 7/7
  2059 | D:4      | Found a staircase to the Ecumenical Temple.
  2168 | D:4      | Noticed Blork the orc
  2175 | D:4      | 2175 ||| ZAPPING wand of flame (18) at -3,0 (Blork the orc;
                  | floor).
  2176 | D:4      | 2176 ||| ZAPPING wand of flame (17) at -1,0 (Blork the orc;
                  | floor).
  2177 | D:4      | 2177 ||| ZAPPING wand of flame (16) at -1,0 (Blork the orc;
                  | floor).
  2178 | D:4      | 2178 ||| ZAPPING wand of flame (15) at -1,0 (Blork the orc;
                  | floor).
  2178 | D:4      | Killed Blork the orc
  2179 | D:4      | Reached skill level 6 in Dodging
  2235 | D:4      | 2235 ||| READING scroll of enchant weapon.
  2235 | D:4      | 2235 ||| ENCHANTING +1 shortbow.
  2334 | D:4      | Found a glowing drain.
  2339 | D:4      | 2339 ||| UPGRADING to +1 robe of fire resistance.
  2349 | D:4      | 2349 ||| DROPPING +0 robe.
  2355 | Sewer    | Entered a sewer
  2479 | Sewer    | Reached XP level 7. HP: 17/35 MP: 5/8
  2861 | Sewer    | 2861 ||| READING scroll labelled NAXKUDWETIS.
  2862 | Sewer    | 2862 ||| DRINKING 2 yellow potions.
  2899 | D:4      | 2899 ||| PLANNING TEMPLE
  2953 | D:4      | Noticed Natasha
  2964 | D:4      | Killed Natasha
  3029 | Temple   | Entered the Ecumenical Temple
  3030 | Temple   | 3030 ||| PLANNING OKAWARU WORSHIP
  3054 | Temple   | Became a worshipper of Warmaster Okawaru
  3055 | Temple   | 3055 ||| PLANNING D:1-11
  3293 | D:5      | Entered Level 5 of the Dungeon
  3395 | D:5      | 3395 ||| RETREEEEATING.
  3396 | D:5      | 3396 ||| RETREEEEATING.
  3397 | D:5      | 3397 ||| RETREEEEATING.
  3399 | D:5      | 3399 ||| RETREEEEATING.
  3400 | D:5      | 3400 ||| RETREEEEATING.
  3404 | D:5      | 3404 ||| RETREEEEATING.
  3411 | D:5      | Reached skill level 3 in Fighting
  3411 | D:5      | Reached XP level 8. HP: 40/40 MP: 9/9
  3415 | D:5      | Reached * piety under Okawaru
  3483 | D:5      | Reached skill level 1 in Invocations
  3555 | D:5      | Identified the +2 rapier of Infection {holy, *Noise Will++
                  | Int+2 SInv}
  3628 | D:5      | Found a glowing golden altar of the Shining One.
  3699 | D:5      | Reached skill level 3 in Invocations
  3747 | D:5      | 3747 ||| READING scroll of identify.
  3747 | D:5      | 3747 ||| IDENTIFYING golden potion
  3777 | D:6      | Reached ** piety under Okawaru
  3792 | D:6      | 3792 ||| STAIRDANCE
  3800 | D:5      | 3800 ||| UPGRADING to +4 ring of protection.
  3801 | D:5      | 3801 ||| READING scroll labelled BUYGIS FOLOQO.
  3877 | D:6      | 3877 ||| STAIRDANCE
  3884 | D:5      | Reached skill level 9 in Ranged Weapons
  3975 | D:6      | Found a transporter.
  3979 | D:6      | Noticed qw's ghost (novice SpHu)
  4055 | D:6      | Found a transporter.
  4085 | D:6      | 4085 ||| RETREEEEATING.
  4090 | D:6      | Reached skill level 9 in Dodging
  4098 | D:6      | Noticed a troll
  4099 | D:6      | 4099 ||| INVOKING Heroism.
  4103 | D:6      | Reached XP level 9. HP: 25/44 MP: 10/13
  4111 | D:6      | HP: 6/44 [troll (8)]
  4112 | D:6      | 4112 ||| READING 4 scrolls of teleportation.
  4113 | D:6      | 4113 ||| DRINKING 2 potions of heal wounds.
  4114 | D:6      | 4114 ||| DRINKING potion of heal wounds.
  4142 | D:6      | 4142 ||| INVOKING Heroism.
  4154 | D:6      | Killed a troll
  4251 | D:6      | Found a runed translucent door.
  4252 | D:6      | Noticed Crazy Yiuf
  4538 | D:6      | Found a burning altar of Makhleb.
  4598 | D:6      | 4598 ||| READING 2 scrolls of identify.
  4598 | D:6      | 4598 ||| IDENTIFYING blue potion
  4599 | D:6      | 4599 ||| READING scroll of identify.
  4599 | D:6      | 4599 ||| IDENTIFYING smoky orange potion
  4600 | D:6      | 4600 ||| READING 2 scrolls labelled QUETAUXIAG.
  4601 | D:6      | 4601 ||| DROPPING wand of flame (41).
  4602 | D:6      | 4602 ||| DROPPING potion of berserk rage.
  4603 | D:6      | 4603 ||| DROPPING scroll of immolation.
  4649 | D:7      | 4649 ||| RETREEEEATING.
  4655 | D:7      | 4655 ||| RETREEEEATING.
  4690 | D:7      | Reached *** piety under Okawaru
  4693 | D:7      | 4693 ||| RETREEEEATING.
  4694 | D:7      | 4694 ||| RETREEEEATING.
  4696 | D:7      | Noticed a manticore
  4697 | D:7      | 4697 ||| RETREEEEATING.
  4703 | D:7      | HP: 6/44 [yak (11)]
  4704 | D:7      | 4704 ||| READING 3 scrolls of teleportation.
  4709 | D:7      | Identified the +2 robe of the Endless Expanse {rElec rN+
                  | Str-3}
  4710 | D:7      | 4710 ||| READING 2 scrolls of teleportation.
  4710 | D:7      | Killed from afar by an orc priest

Levels and vault maps discovered:
D:1:      dpeg_arrival_short_road, layout_basic,
          chequers_ecumenical_altar_twisty, minivault_14
D:2:      layout_loops_ring, kennysheep_generic_room_13, uniq_terence
D:3:      layout_basic, jmf_multi_god_temple
D:4:      layout_loops_cross, minmay_temple_entry_glass,
          gup_sewer_entry_bubbles, uniq_blork_the_orc, uniq_natasha
D:5:      layout_rooms, mainiacjoe_overflow_six_doors_small,
          minmay_ogre_servants
D:6:      layout_cave_pools, makhleb_grotto_becter, gammafunk_ghost_stat_death,
          kennysheep_generic_room_2, uniq_crazy_yiuf_cottage
D:7:      minmay_the_grid_square_5x5_3x3
          [minmay_the_grid_square_5x5_half_checkered,
          minmay_the_grid_square_5x5_longway,
          minmay_the_grid_square_5x5_shrine1,
          minmay_the_grid_square_5x5_broken_cross,
          minmay_the_grid_square_5x5_megaprize_crossed,
          minmay_the_grid_square_5x5_corner, minmay_the_grid_square_5x5_bite,
          minmay_the_grid_square_5x5_moneybag,
          minmay_the_grid_square_5x5_checkered_statues], layout_rooms,
          nzn_wu_jian_council_hall
Temple:   oiseaux_autumnal_temple

Skill      XL: |  1  2  3  4  5  6  7  8  9 |
---------------+----------------------------+-----
Dodging        | 3 4 5 6 7 9 10 | 10.0
Ranged Weapons | 5 6 8 9 10 | 10.1
Fighting       | 2 3 |  3.4
Invocations    | 4 |  4.0
Stealth        | |  1.5

Action                     |  1- 3 |  4- 6 |  7- 9 || total
---------------------------+-------+-------+-------++-------
   Fire: Shortbow          |    82 |   215 |   367 ||   664
 Invoke: Heroism           |       |       |     2 ||     2
  Evoke: Wand              |       |     4 |       ||     4
    Use: Scroll            |     3 |    11 |     9 ||    23
         Potion            |       |       |     3 ||     3
 Armour: Robe              |    13 |    18 |    43 ||    74
  Dodge: Dodged            |    25 |    69 |   228 ||   322

Table legend:
 A = Non-vault XP
 B = Vault XP
 C = Vault XP percentage of total XP
 D = Non-vault monster count
 E = Vault monster count
 F = Vault count percentage of total count
                 A         B        C        D         E       F
            +---------+---------+-------+---------+---------+-------
      Total |    2860 |    1160 |  28.9 |     113 |      58 |  33.9
            +---------+---------+-------+---------+---------+-------
        D:1 |      36 |       0 |   0.0 |      22 |       0 |   0.0
        D:2 |      63 |      38 |  37.6 |      17 |       3 |  15.0
        D:3 |      32 |       4 |  11.1 |      17 |       2 |  10.5
        D:4 |     449 |     157 |  25.9 |      18 |       8 |  30.8
        D:5 |    1066 |     146 |  12.0 |      21 |       9 |  30.0
        D:6 |    1036 |     188 |  15.4 |      14 |       4 |  22.2
        D:7 |     178 |     293 |  62.2 |       4 |       6 |  60.0
      Sewer |       0 |     334 | 100.0 |       0 |      26 | 100.0
            +---------+---------+-------+---------+---------+-------
